[Event "*** Titled Tuesday 3|2 Blitz (Early)"]
[Site "Chess.com"]
[Date "2016.11.01"]
[Round "5"]
[White "Danirod"]
[Black "jk13"]
[Result "1/2-1/2"]
[WhiteElo "2479"]
[BlackElo "2478"]
[TimeControl "180+2"]
[EndTime "11:56:30 PDT"]
[Termination "Game drawn by repetition"]

1. e4 e5 2. Nf3 Nc6 3. Bc4 Bc5 4. c3 Nf6 5. d4 exd4 6. cxd4 Bb4+ 7. Bd2 Bxd2+ 8.
Nbxd2 d5 9. exd5 Nxd5 10. Qb3 Na5 11. Qa4+ Nc6 12. Qb3 Na5 13. Qa4+ Nc6 14. Qb3 Na5 15.
Qa4+ Nc6 1/2-1/2

[Event "*** Titled Tuesday 3|2 Blitz (Early)"]
[Site "Chess.com"]
[Date "2016.11.01"]
[Round "5"]
[White "ChessWarrior7197"]
[Black "Usurpov"]
[Result "1-0"]
[WhiteElo "2495"]
[BlackElo "2272"]
[TimeControl "180+2"]
[EndTime "11:59:57 PDT"]
[Termination "ChessWarrior7197 won by resignation"]

1. e4 c5 2. Nf3 Nc6 3. Bb5 e6 4. Bxc6 bxc6 5. O-O Ne7 6. c3 Ng6 7. d4 cxd4 8. cxd4 d5 9. Nc3 Be7 10. b3 O-O 11. Bb2 a5 12. Rc1 dxe4 13. Nxe4 a4 14. Re1 axb3 15. axb3 Ra2 16. Rc2 Nf4 17. Bc1 Rxc2 18.
Qxc2 Nd5 19. Qxc6 Qb6 20. Qxb6 Nxb6 21. Ne5 Bb7 22. Nc5 Bd5 23. b4 Rb8 24. Bd2 f6 25. Ned7 Nxd7 26. Nxd7 Rb7 27. Nc5 Kf7 28. Nxb7 1-0

[Event "*** Titled Tuesday 3|2 Blitz (Early)"]
[Site "Chess.com"]
[Date "2016.11.01"]
[Round "5"]
[White "howitzer14"]
[Black "FairChess_on_YouTube"]
[Result "1/2-1/2"]
[WhiteElo "2765"]
[BlackElo "2735"]
[TimeControl "180+2"]
[EndTime "12:00:04 PDT"]
[Termination "Game drawn by agreement"]

1. e4 c5 2. c3 Nf6 3. e5 Nd5 4.
Nf3 Nc6 5. Bc4 Nb6 6. Bb3 e6 7. O-O d5 8. exd6 Bxd6 9. d4 O-O 10. Re1 cxd4 11. cxd4 Bd7 12. Nc3 Ne7 13. Ne5 Bxe5 14.
dxe5 Bc6 15. Qh5 Qd3 16. Bg5 Qg6 17. Qxg6 Nxg6 18. Rad1 h6 19. Be3 Rfd8 20. Bxb6 Rxd1 21.
Bxd1 axb6 22. g3 Ne7 23. f4 1/2-1/2

[Event "*** Titled Tuesday 3|2 Blitz (Early)"]
[Site "Chess.com"]
[Date "2016.11.01"]
[Round "5"]
[White "Rating-Schmating"]
[Black "avto24"]
[Result "0-1"]
[WhiteElo "2256"]
[BlackElo "2324"]
[TimeControl "180+2"]
[EndTime "12:00:12 PDT"]
[Termination "avto24 won by checkmate"]

1. e4 e6 2. d4 d5 3. Nd2 c5 4.
exd5 Qxd5 5. Ngf3 cxd4 6. Bc4 Qd6 7. Nb3 Nc6 8. O-O Nf6 9. Nbxd4 Nxd4 10. Qxd4 Qxd4 11. Nxd4 a6 12. Bg5 Ne4 13. Be3 b5 14. Bd3 Nc5 15. Be2 Bb7 16. Rad1 Be7 17. c4 b4 18. b3 g6 19. Bf3 O-O-O 20. Bxb7+ Kxb7 21. Nf3 f6 22. Bd4 e5 23. Be3 Ne4 24. Bd2 Bc5 25. g3 Rd3 26. Kg2 Rhd8 27. h4 Nxd2 28. Nxd2 Rxd2 29. Rde1 Rxa2 30. g4 Rdd2 31. Rb1 Rxf2+ 32.
Kg3 Rg2+ 33. Kh3 Be3 34. Rf5 gxf5 35. Rf1 fxg4# 0-1

[Event "*** Titled Tuesday 3|2 Blitz (Early)"]
[Site "Chess.com"]
[Date "2016.11.01"]
[Round "5"]
[White "PowerThinking2650"]
[Black "RitvarsReimanis"]
[Result "0-1"]
[WhiteElo "2178"]
[BlackElo "2394"]
[TimeControl "180+2"]
[EndTime "12:00:28 PDT"]
[Termination "RitvarsReimanis won by resignation"]

1. e4 c5 2. Nf3 Nc6 3. d4 cxd4 4. Nxd4 Nf6 5. Nc3 d6 6. Bc4 Qb6 7. Ndb5 a6 8. Be3 Qd8 9. Nd4 e5 10. Nf3 b5 11. Bb3 Be7 12. Nd5 O-O 13. Nxf6+ Bxf6 14. Bd5 Qc7 15. c3 Bg4 16. h3 Be6 17. O-O Rac8 18.
Qd3 Rfd8 19. a4 Bxd5 20. exd5 Ne7 21. axb5 axb5 22. Ra7 Qc4 23. Rd1 Qxd3 0-1

[Event "*** Titled Tuesday 3|2 Blitz (Early)"]
[Site "Chess.com"]
[Date "2016.11.01"]
[Round "5"]
[White "Frolyanov_D"]
[Black "MFBerna"]
[Result "1-0"]
[WhiteElo "2457"]
[BlackElo "2182"]
[TimeControl "180+2"]
[EndTime "12:00:37 PDT"]
[Termination "Frolyanov_D won by resignation"]

1. e4 e5 2. Nf3 Nc6 3. Bb5 a6 4. Ba4 Nf6 5. O-O Be7 6. Re1 b5 7.
Bb3 O-O 8. d3 d6 9. a3 Bg4 10.
c3 Na5 11. Ba2 c5 12. Nbd2 Nc6 13. Nf1 Re8 14. Ng3 d5 15. h3 Bxf3 16. Qxf3 d4 17. Nf5 dxc3 18. Qg3 Nh5 19. Qg4 g6 20. Nh6+ Kg7 21.
Nxf7 cxb2 22. Bh6+ 1-0

[Event "*** Titled Tuesday 3|2 Blitz (Early)"]
[Site "Chess.com"]
[Date "2016.11.01"]
[Round "5"]
[White "YuriyKrykun"]
[Black "NTBT_DHS"]
[Result "0-1"]
[WhiteElo "2299"]
[BlackElo "2490"]
[TimeControl "180+2"]
[EndTime "12:00:44 PDT"]
[Termination "NTBT_DHS won by resignation"]

1. e4 g6 2. d4 Bg7 3. Nc3 a6 4.
f4 d5 5. e5 Nh6 6. Nf3 O-O 7.
Bd3 Nc6 8. a3 Bg4 9. Be3 Nf5 10.
Bxf5 Bxf5 11. O-O f6 12. Qd2 Qd7 13. h3 e6 14. Nh4 Be4 15. Nxe4 dxe4 16. Rad1 Rad8 17.
c4 Qe7 18. Qe1 fxe5 19. fxe5 Rxf1+ 20. Kxf1 g5 21. d5 Nxe5 22. Qg3 gxh4 23. Qxh4 Qxh4 0-1

[Event "*** Titled Tuesday 3|2 Blitz (Early)"]
[Site "Chess.com"]
[Date "2016.11.01"]
[Round "5"]
[White "ulises2013"]
[Black "TheSovietChess"]
[Result "0-1"]
[WhiteElo "2270"]
[BlackElo "2495"]
[TimeControl "180+2"]
[EndTime "12:01:20 PDT"]
[Termination "TheSovietChess won by resignation"]

1. e4 c5 2. Nf3 e6 3. c3 d5 4.
exd5 exd5 5. d4 Nf6 6. Bb5+ Nc6 7.
O-O Be7 8. Ne5 Qc7 9. Bf4 Bd6 10.
Re1 O-O 11. Bxc6 bxc6 12. dxc5 Bxc5 13. Nd3 Bd6 14. Bxd6 Qxd6 15. Nd2 Rb8 16. Nb3 Bd7 17. Ndc5 Ng4 18. g3 Rfe8 19. Qd4 Bf5 20. f3 Ne5 21. Kf2 Qh6 22. h4 Nc4 23. Na6 Rbc8 24. Nc7 Rf8 25.
Re7 Qd6 26. Rae1 Rxc7 27. R7e2 c5 28. Qd1 Rd7 29. Kg2 d4 0-1

[Event "*** Titled Tuesday 3|2 Blitz (Early)"]
[Site "Chess.com"]
[Date "2016.11.01"]
[Round "5"]
[White "Divertissement"]
[Black "Smirnov_Pavel"]
[Result "0-1"]
[WhiteElo "2344"]
[BlackElo "2524"]
[TimeControl "180+2"]
[EndTime "12:01:44 PDT"]
[Termination "Smirnov_Pavel won by resignation"]

1. d4 d5 2. Nf3 Nf6 3. c4 e6 4. g3 Be7 5. Bg2 O-O 6. O-O c6 7. Qc2 b6 8. Nbd2 Bb7 9. e4 Na6 10. b3 Nb4 11. Qb1 dxe4 12. Nxe4 c5 13. Nxf6+ Bxf6 14. a3 Bxf3 15. axb4 Bxg2 16. Kxg2 Qxd4 17. Ra4 cxb4 18.
Rxb4 Qc5 19. Ra4 Qc6+ 20. Kg1 b5 21. cxb5 Qxb5 22. Be3 a5 23. Qa2 Rfb8 24. Rb1 h5 25.
h4 g6 26. Bd2 Qd3 27. Bxa5 Bd4 28. Kg2 Rb5 29. b4 Rf5 30. f4 Rc8 31. Qb3 Qe2+ 32. Kh3 Rc2 0-1

[Event "*** Titled Tuesday 3|2 Blitz (Early)"]
[Site "Chess.com"]
[Date "2016.11.01"]
[Round "5"]
[White "Keaton87"]
[Black "viditchess"]
[Result "0-1"]
[WhiteElo "2441"]
[BlackElo "2553"]
[TimeControl "180+2"]
[EndTime "12:01:49 PDT"]
[Termination "viditchess won by resignation"]

1. e4 e5 2. Nf3 Nc6 3. Bb5 Nf6 4. O-O Nxe4 5. Re1 Nd6 6. Nxe5 Be7 7. Bf1 Nxe5 8. Rxe5 O-O 9. d4 Bf6 10. Re1 Re8 11.
Rxe8+ Nxe8 12. c3 d5 13. Bf4 c6 14. Nd2 g6 15. Bd3 Ng7 16. Qe2 Bf5 17. Bxf5 Nxf5 18.
Be5 Bxe5 19. Qxe5 Qe7 20. Qxe7 Nxe7 21. Re1 Kf8 22. Kf1 f6 23. Ke2 Nf5 24. Kd3 Kf7 25.
Nf3 g5 26. g4 Nd6 27. Nd2 h5 28. h3 Rh8 29. a4 Ne8 30. a5 Nc7 31. b3 Ne6 32.
Re3 Nf4+ 33. Kc2 hxg4 34. hxg4 Rh2 35. f3 Rf2 36. b4 Ng2 37. Kd3 Nxe3 38. Kxe3 Rh2 39.
Nb3 b6 40. Nd2 Ke6 0-1

[Event "*** Titled Tuesday 3|2 Blitz (Early)"]
[Site "Chess.com"]
[Date "2016.11.01"]
[Round "5"]
[White "visa"]
[Black "Andrejkin"]
[Result "1-0"]
[WhiteElo "2132"]
[BlackElo "2149"]
[TimeControl "180+2"]
[EndTime "12:01:49 PDT"]
[Termination "visa won by resignation"]

1. e4 e5 2. d4 exd4 3. Qxd4 Nc6 4. Qe3 Nf6 5. Bd2 Be7 6. Nc3 O-O 7. O-O-O d5 8. exd5 Nxd5 9. Qf3 Nxc3 10. Bxc3 Bg5+ 11. Kb1 Qe7 12. h4 Bh6 13. g4 f6 14. Bc4+ Kh8 15. Qg3 Rd8 16. Nf3 Be6 17. Rde1 Rd6 18.
g5 fxg5 19. hxg5 1-0

[Event "*** Titled Tuesday 3|2 Blitz (Early)"]
[Site "Chess.com"]
[Date "2016.11.01"]
[Round "5"]
[White "Bishops83"]
[Black "Jahonas"]
[Result "1-0"]
[WhiteElo "2260"]
[BlackElo "2162"]
[TimeControl "180+2"]
[EndTime "12:01:53 PDT"]
[Termination "Bishops83 won by resignation"]

1. e4 c5 2. Nc3 d6 3. Bb5+ Bd7 4. a4 a6 5. Bxd7+ Nxd7 6. d3 Ngf6 7.
f4 e6 8. a5 b5 9. axb6 Qxb6 10.
Nf3 Be7 11. O-O O-O 12. Qe2 c4+ 13. d4 e5 14. Rd1 Rfd8 15. Qxc4 exf4 16. Bxf4 Rdc8 17.
Qa2 Rab8 18. Bc1 Ne5 19. Qxa6 Nc4 20. Qxb6 Rxb6 21. Ra2 Ng4 22. b3 Nce3 23. Rd3 Rbc6 24. Bd2 d5 25. exd5 R6c7 26. h3 Bb4 27. hxg4 Bxc3 28. Bxe3 1-0

[Event "*** Titled Tuesday 3|2 Blitz (Early)"]
[Site "Chess.com"]
[Date "2016.11.01"]
[Round "5"]
[White "AdrianaNikolova"]
[Black "Wolverine_master"]
[Result "0-1"]
[WhiteElo "2226"]
[BlackElo "2060"]
[TimeControl "180+2"]
[EndTime "12:02:12 PDT"]
[Termination "Wolverine_master won by resignation"]

1. e4 d5 2. exd5 Qxd5 3. Nc3 Qd6 4. Nf3 Nf6 5. g3 a6 6. Bg2 Nc6 7. O-O Bg4 8. d3 O-O-O 9. Bf4 e5 10. Bg5 Nd4 11.
Ne4 Nxe4 12. Bxd8 Qxd8 13. dxe4 Qf6 14. c3 Nxf3+ 15. Bxf3 Bxf3 16. Qd3 Bc5 17. Rfe1 h5 18. Qf1 h4 19. Qh3+ Kb8 20. g4 Qf4 21. b4 Bxg4 22. Qd3 Qxf2+ 23. Kh1 Bf3+ 0-1

[Event "*** Titled Tuesday 3|2 Blitz (Early)"]
[Site "Chess.com"]
[Date "2016.11.01"]
[Round "5"]
[White "Salem-AR"]
[Black "Taabling"]
[Result "1/2-1/2"]
[WhiteElo "2681"]
[BlackElo "2237"]
[TimeControl "180+2"]
[EndTime "12:02:17 PDT"]
[Termination "Game drawn by agreement"]

1. d4 g6 2. e4 Bg7 3. Nc3 d6 4.
f4 Nf6 5. Nf3 c5 6. Bb5+ Bd7 7. e5 Ng4 8. Bxd7+ Nxd7 9. d5 dxe5 10. h3 Nh6 11. fxe5 Nf5 12. Bf4 Qb6 13. Qd2 Nd4 14.
Nxd4 cxd4 15. Na4 Qb5 16. Qxd4 O-O 17. Nc3 Qxb2 18. Rb1 Qxc2 19. O-O b6 20. Rf2 Qf5 21. Re1 Rac8 22. g4 Nxe5 23. Bxe5 Bxe5 24. Rxe5 Qd7 25.
Rfe2 Rfe8 26. Ne4 Qb5 27. Nf6+ exf6 28. Rxe8+ Rxe8 29. Rxe8+ Qxe8 30. d6 Qe1+ 31. Kg2 Qe2+ 32. Kg1 1/2-1/2

[Event "*** Titled Tuesday 3|2 Blitz (Early)"]
[Site "Chess.com"]
[Date "2016.11.01"]
[Round "5"]
[White "saraswathii"]
[Black "michaelk123"]
[Result "1-0"]
[WhiteElo "2162"]
[BlackElo "2157"]
[TimeControl "180+2"]
[EndTime "12:02:38 PDT"]
[Termination "saraswathii won on time"]

1. d4 Nf6 2. Bf4 g6 3. e3 Bg7 4. Nf3 O-O 5. Be2 c5 6. c3 Qb6 7.
Qc2 d6 8. Nbd2 Nc6 9. Nc4 Qd8 10.
dxc5 dxc5 11. Rd1 Qe8 12. O-O b5 13. Nce5 a6 14. Nxc6 Qxc6 15. Ne5 Qb6 16. h3 Bf5 17.
Qb3 Be6 18. c4 Rfd8 19. a4 b4 20. Bf3 Rac8 21. a5 Qxa5 22. Nc6 Rxc6 23. Bxc6 Bf5 24. Rxd8+ Qxd8 25. Qa4 Qb6 26. Rd1 b3 27. Be5 Ne4 28. Bxe4 Bxe5 29. Qe8+ Kg7 30. Bxf5 gxf5 31. Qxe7 Bxb2 32.
Qg5+ 1-0

[Event "*** Titled Tuesday 3|2 Blitz (Early)"]
[Site "Chess.com"]
[Date "2016.11.01"]
[Round "5"]
[White "FlySooHigh"]
[Black "AkshatChandra"]
[Result "0-1"]
[WhiteElo "2421"]
[BlackElo "2585"]
[TimeControl "180+2"]
[EndTime "12:02:42 PDT"]
[Termination "AkshatChandra won by resignation"]

1. e4 c5 2. Nf3 d6 3. Nc3 a6 4. d4 cxd4 5. Nxd4 Nf6 6. Be2 e6 7.
O-O Be7 8. Be3 O-O 9. f4 Qc7 10.
Bf3 Nc6 11. Nb3 b5 12. a3 Bb7 13. Kh1 Rfe8 14. g4 Nd7 15. g5 Bf8 16. Bg2 Rad8 17. Qh5 g6 18. Qh4 Bg7 19. Rad1 Ne7 20. Bd4 e5 21. fxe5 Nxe5 22. Nc1 d5 23. N1e2 dxe4 24.
Nxe4 Nf5 25. Rxf5 gxf5 26. Nf6+ Bxf6 27. gxf6 Bxg2+ 28. Kxg2 Qc6+ 29. Kf1 Qf3+ 30. Kg1 Qxe2 31. Qg5+ Ng6 32. Qh6 Qxd1+ 33. Kg2 Qg4+ 34. Kf1 Qf3+ 0-1

[Event "*** Titled Tuesday 3|2 Blitz (Early)"]
[Site "Chess.com"]
[Date "2016.11.01"]
[Round "5"]
[White "gmsakk"]
[Black "Fandorine"]
[Result "0-1"]
[WhiteElo "2526"]
[BlackElo "2632"]
[TimeControl "180+2"]
[EndTime "12:02:54 PDT"]
[Termination "Fandorine won by resignation"]

1. d4 g6 2. c4 Bg7 3. Nf3 d6 4. Nc3 Nf6 5. e4 O-O 6. Be2 Nbd7 7. O-O e5 8. Be3 c6 9. Qc2 Qe7 10. Rfe1 Ng4 11. Bg5 f6 12. Bh4 Nh6 13. d5 c5 14.
Rf1 Nf7 15. Ne1 Bh6 16. Bd3 Bg5 17. Bg3 Bf4 18. Be2 Bxg3 19. hxg3 Kg7 20. Nd3 h5 21. Rab1 Rh8 22. f4 h4 23. gxh4 Rxh4 24. g3 Rh6 25. Kg2 Nb6 26. Nf2 f5 27. exf5 Bxf5 28. Bd3 Nxc4 29. Rbe1 Qd7 30. b3 Bh3+ 31. Kg1 Bxf1 32.
Bxf1 Nb6 33. Bb5 Qf5 34. Bd3 Qh5 0-1

[Event "*** Titled Tuesday 3|2 Blitz (Early)"]
[Site "Chess.com"]
[Date "2016.11.01"]
[Round "5"]
[White "AlexanderL"]
[Black "Genghis_K"]
[Result "0-1"]
[WhiteElo "2538"]
[BlackElo "2661"]
[TimeControl "180+2"]
[EndTime "12:03:00 PDT"]
[Termination "Genghis_K won by checkmate"]

1. d4 Nf6 2. c4 g6 3. Nc3 Bg7 4.
e4 d6 5. Nf3 O-O 6. Be2 e5 7. O-O Nc6 8. d5 Ne7 9. Ne1 Nd7 10. Be3 f5 11. f3 f4 12. Bf2 g5 13.
Nd3 Nf6 14. c5 Ng6 15. Rc1 Rf7 16. Kh1 Bf8 17. Rg1 h5 18. g3 fxg3 19. Rxg3 Rg7 20. Be3 Nf4 21. Rg1 Nh3 22. Rg2 h4 23. Qd2 Nh5 24.
Nb5 a6 25. Na3 N3f4 26. Nxf4 Nxf4 27. Rgg1 dxc5 28. Bxc5 Bxc5 29. Rxc5 Qf6 30. Nc4 g4 31. fxg4 Nh3 32. Rg2 Bxg4 33. Nxe5 Nf2+ 34. Rxf2 Qxf2 35. Nxg4 Rxg4 36. Qd1 Qg2# 0-1

[Event "*** Titled Tuesday 3|2 Blitz (Early)"]
[Site "Chess.com"]
[Date "2016.11.01"]
[Round "5"]
[White "APL2001"]
[Black "ZapataCharlesS"]
[Result "0-1"]
[WhiteElo "2421"]
[BlackElo "2628"]
[TimeControl "180+2"]
[EndTime "12:03:03 PDT"]
[Termination "ZapataCharlesS won on time"]

1. e4 c5 2. Nf3 Nc6 3. d4 cxd4 4. Nxd4 g6 5. Nc3 Bg7 6. Be3 Nf6 7. Bc4 d6 8. h3 O-O 9. O-O Bd7 10. Re1 Rc8 11.
Bb3 Ne5 12. Qd2 Nc4 13. Bxc4 Rxc4 14. Rad1 a6 15. Bh6 Rxd4 16. Qxd4 Bxh6 17. e5 dxe5 18.
Qxe5 e6 19. Na4 Bg7 20. Nc5 Qc8 21. Nxd7 Nxd7 22. Qd6 Nf6 23. c3 Nd5 24. Re4 b5 25. a4 Qb7 26. axb5 axb5 27. Ra1 Nxc3 28. Ree1 Nd5 29.
Ra2 b4 30. Rea1 b3 31. Ra7 Qb4 32. Qxb4 Nxb4 33. R1a3 Nc6 0-1

[Event "*** Titled Tuesday 3|2 Blitz (Early)"]
[Site "Chess.com"]
[Date "2016.11.01"]
[Round "5"]
[White "Sanan_Sjugirov"]
[Black "BillieKimbah"]
[Result "0-1"]
[WhiteElo "2680"]
[BlackElo "2603"]
[TimeControl "180+2"]
[EndTime "12:03:18 PDT"]
[Termination "BillieKimbah won by resignation"]

1. d4 Nf6 2. c4 e6 3. Nc3 Bb4 4. Qc2 d5 5. cxd5 Qxd5 6. Nf3 Qf5 7. Qb3 Nc6 8. h3 O-O 9. g4 Qa5 10. Bd2 Rd8 11. e3 Qb6 12. Qc2 Bxc3 13. bxc3 Ne7 14.
Bg2 c5 15. O-O Qc7 16. Qb3 b6 17. c4 Bb7 18. Bc3 Rac8 19. Rac1 h5 20. g5 Ne4 21. Bb2 Nf5 22. Rfd1 Nxf2 23. d5 Nxd1 24. Rxd1 exd5 25. cxd5 c4 26. Qc3 Rxd5 27. Rxd5 Bxd5 28. g6 fxg6 29. e4 Bxe4 0-1

[Event "*** Titled Tuesday 3|2 Blitz (Early)"]
[Site "Chess.com"]
[Date "2016.11.01"]
[Round "5"]
[White "ftorodent"]
[Black "Holden-Caulfield"]
[Result "0-1"]
[WhiteElo "2491"]
[BlackElo "2481"]
[TimeControl "180+2"]
[EndTime "12:03:30 PDT"]
[Termination "Holden-Caulfield won by resignation"]

1. d4 d6 2. Nf3 Nf6 3. c4 Nbd7 4.
Nc3 e5 5. Bg5 Be7 6. e3 c6 7.
Qc2 Qc7 8. Bd3 a6 9. O-O h6 10. Bh4 O-O 11. Rac1 Re8 12. b4 Nf8 13. c5 exd4 14.
exd4 Bg4 15. Nd2 Rad8 16. h3 Be6 17. Bg3 Qd7 18. Nf3 dxc5 19. bxc5 Nd5 20. Ne5 Qc8 21. Nxd5 Bxd5 22. Bf5 Be6 23. Bxe6 Nxe6 24. Qf5 Bf6 25. Ng4 Bg5 26. f4 Be7 27. Bf2 Nxd4 28. Qxc8 Ne2+ 29. Kh2 Rxc8 30. f5 Nxc1 31. Rxc1 Bg5 32. Rb1 Re7 33. h4 Bf4+ 34. g3 Bb8 35. f6 gxf6 36. Nxh6+ Kh7 37. Nf5 Rd7 38. Kh3 Re8 39. Rb2 Re4 40. Ne3 Be5 41.
Ng4 Bxb2 0-1

[Event "*** Titled Tuesday 3|2 Blitz (Early)"]
[Site "Chess.com"]
[Date "2016.11.01"]
[Round "5"]
[White "IMJonathanCarlstedt"]
[Black "Izoria123"]
[Result "1-0"]
[WhiteElo "2468"]
[BlackElo "2558"]
[TimeControl "180+2"]
[EndTime "12:03:35 PDT"]
[Termination "IMJonathanCarlstedt won by resignation"]

1. c4 Nf6 2. g3 g6 3. Bg2 Bg7 4. Nc3 O-O 5. e4 c5 6. Nge2 Nc6 7. a3 Ne8 8. Rb1 Nc7 9. b4 d6 10. d3 Ne6 11. O-O Ned4 12. h3 Rb8 13. f4 Nxe2+ 14. Nxe2 cxb4 15. axb4 b5 16. e5 dxe5 17. Bxc6 Qb6+ 18. c5 Qxc6 19. fxe5 Bb7 20. Nf4 Bxe5 21.
Qe2 Bd4+ 22. Kh2 e5 23. Ng2 f5 24. Bh6 Rf7 25. Nh4 Re8 26. Nf3 f4 27. Qa2 fxg3+ 28. Kxg3 Qc7 29. Ng5 e4+ 30. Kh4 Re7 31. Rxf7 Rxf7 32.
Rf1 Bc3 1-0

[Event "*** Titled Tuesday 3|2 Blitz (Early)"]
[Site "Chess.com"]
[Date "2016.11.01"]
[Round "5"]
[White "GM_dmitrij"]
[Black "Jungle_Jaguar"]
[Result "0-1"]
[WhiteElo "2406"]
[BlackElo "2325"]
[TimeControl "180+2"]
[EndTime "12:03:37 PDT"]
[Termination "Jungle_Jaguar won by checkmate"]

1. e4 c5 2. Nf3 e6 3. d4 cxd4 4.
Nxd4 Nf6 5. Nc3 Bb4 6. e5 Ne4 7.
Qg4 Nxc3 8. Qxg7 Rf8 9. Bd2 Nd5 10. Bxb4 Nxb4 11. Nb5 d5 12. exd6 N8a6 13. O-O-O Bd7 14.
a3 Nd5 15. Rxd5 exd5 16. Nd4 Nc5 17. Bd3 Nxd3+ 18. cxd3 Be6 19. Qe5 Qd7 20. Kb1 O-O-O 21. Rc1+ Kb8 22. Nb5 Qxb5 23. d7+ Ka8 24. Rc7 Qxd3+ 25.
Ka1 Qd1+ 26. Ka2 d4+ 27. b3 Qxb3+ 28. Ka1 Qa2# 0-1

[Event "*** Titled Tuesday 3|2 Blitz (Early)"]
[Site "Chess.com"]
[Date "2016.11.01"]
[Round "5"]
[White "fastestmindalive"]
[Black "Chopper1905"]
[Result "1-0"]
[WhiteElo "2524"]
[BlackElo "2564"]
[TimeControl "180+2"]
[EndTime "12:03:43 PDT"]
[Termination "fastestmindalive won by resignation"]

1. e4 c5 2. Nc3 d6 3. Bb5+ Nd7 4. f4 a6 5. Bxd7+ Bxd7 6. Nf3 e6 7. O-O Nf6 8. d3 Be7 9. e5 dxe5 10. fxe5 Nd5 11. Ne4 h6 12. c4 Nc7 13. Nd6+ Kf8 14. Nd2 Be8 15. N2e4 Kg8 16. Bf4 b6 17. Qf3 Ra7 18. Rae1 Rh7 19. Re3 Bc6 20. Qh5 g6 21. Rg3 Ne8 22.
Nxf7 Rxf7 23. Qxg6+ Ng7 24. Qxe6 Bxe4 25. Rxg7+ Kxg7 26. Bxh6+ Kh8 27. Rxf7 Qd4+ 28. Kh1 Qd7 29. Bg7+ Kg8 30. Rf8+ Kxg7 31. Rg8+ Kh7 32. Qf7+ Kh6 33. Qg7+ Kh5 34. Rh8+ 1-0

[Event "*** Titled Tuesday 3|2 Blitz (Early)"]
[Site "Chess.com"]
[Date "2016.11.01"]
[Round "5"]
[White "CroatianPower"]
[Black "josiwales"]
[Result "0-1"]
[WhiteElo "2449"]
[BlackElo "2197"]
[TimeControl "180+2"]
[EndTime "12:03:45 PDT"]
[Termination "josiwales won by resignation"]

1. d4 e6 2. c4 d6 3. Nc3 Ne7 4. e4 g6 5. Nf3 Bg7 6. Be2 O-O 7.
O-O c5 8. Be3 cxd4 9. Nxd4 Nbc6 10. Qd2 a6 11. Rfd1 d5 12. cxd5 exd5 13. exd5 Nxd5 14. Nxd5 Qxd5 15. Bf3 Qe5 16. Nxc6 bxc6 17. Bxc6 Rb8 18. Bf4 Qxb2 19. Qxb2 Rxb2 20. Rac1 Bf5 21. a3 Rc8 22. h3 h5 23. Bf3 Rxc1 24.
Rxc1 Bd4 25. Bg3 Ra2 26. Rc7 Be6 27. Bd6 Bxf2+ 28. Kf1 Bd4 29. Rb7 Bc4+ 30. Ke1 Be3 31. Be5 Kf8 32. Bf6 Bf4 33. Ra7 Bd2+ 34. Kd1 Bb3+ 35. Ke2 Bc3+ 0-1

[Event "*** Titled Tuesday 3|2 Blitz (Early)"]
[Site "Chess.com"]
[Date "2016.11.01"]
[Round "5"]
[White "Paralinch"]
[Black "IIIlllII1llIl"]
[Result "1-0"]
[WhiteElo "2661"]
[BlackElo "2525"]
[TimeControl "180+2"]
[EndTime "12:03:47 PDT"]
[Termination "Paralinch won by resignation"]

1. e4 e6 2. d4 d5 3. Nc3 Bb4 4. e5 Ne7 5. Bd2 O-O 6. Nce2 Bxd2+ 7. Qxd2 c5 8. c3 b6 9. f4 Ba6 10. Nf3 Nbc6 11. Ng3 Qc8 12. Be2 Bxe2 13. Qxe2 Ng6 14. Qd2 Qa6 15. Ne2 Rac8 16. O-O Rc7 17. g4 Qc8 18.
Ng3 cxd4 19. cxd4 Na5 20. f5 Rc2 21. Qe3 Nc4 22. Qd3 Nxb2 23. Qe3 Nc4 24. Qd3 Nb2 25. Qb3 Nf4 26. Ne1 Nh3+ 27. Kh1 Qc3 28. Nxc2 Qd2 29.
Qxb2 Rc8 30. Rac1 Nf4 31. Ne3 1-0

[Event "*** Titled Tuesday 3|2 Blitz (Early)"]
[Site "Chess.com"]
[Date "2016.11.01"]
[Round "5"]
[White "Peroncio"]
[Black "metalbattler"]
[Result "1-0"]
[WhiteElo "2513"]
[BlackElo "2012"]
[TimeControl "180+2"]
[EndTime "12:03:54 PDT"]
[Termination "Peroncio won by resignation"]

1. e4 d5 2. exd5 Nf6 3. c4 c6 4. d4 cxd5 5. Nc3 e6 6. Nf3 Bb4 7. cxd5 Nxd5 8. Qc2 O-O 9. Bd3 h6 10. O-O Be7 11. a3 Nc6 12. Bd2 Nf6 13. Ne4 Nxd4 14. Nxd4 Qxd4 15. Bc3 Qd5 16. Nxf6+ Bxf6 17. Bxf6 gxf6 18.
Be4 Qg5 19. Rad1 f5 20. Rd3 Kh8 21. Rg3 Qf6 22. Bf3 e5 23. Bd5 Be6 24. Bxb7 Rab8 25. Ba6 Rg8 26. Rxg8+ Rxg8 27. Bb7 e4 28. Rc1 Qg5 29.
Qc3+ Kh7 30. g3 h5 31. Qe3 Qf6 32. Qc3 Qg5 33. Qe3 Qf6 34. b4 h4 35. Rc7 hxg3 36. hxg3 Rg6 37. Qc3 Qg5 38. Qc1 Qg4 39. Bc8 f4 40.
Bxe6 Qxe6 41. Qxf4 Rh6 42. Qxf7+ Qxf7 43. Rxf7+ Kg8 44.
Rxa7 1-0

[Event "*** Titled Tuesday 3|2 Blitz (Early)"]
[Site "Chess.com"]
[Date "2016.11.01"]
[Round "5"]
[White "Tash_Boy"]
[Black "swayamsm"]
[Result "0-1"]
[WhiteElo "2471"]
[BlackElo "2636"]
[TimeControl "180+2"]
[EndTime "12:04:07 PDT"]
[Termination "swayamsm won by resignation"]

1. e4 e6 2. d4 d5 3. Nd2 Be7 4.
Bd3 c5 5. dxc5 Nf6 6. Qe2 a5 7. Ngf3 O-O 8. O-O Na6 9. e5 Nd7 10. c3 Naxc5 11. Bc2 b5 12. Re1 b4 13. Nf1 Ba6 14.
Qe3 Qc7 15. Ng3 Rfc8 16. Nd4 bxc3 17. bxc3 Rab8 18. Nh5 Bf8 19. Qg3 Ne4 20. Bxe4 dxe4 21. Bd2 Qxe5 22. Qh4 Rb2 23. Rxe4 Qd5 24. Bh6 gxh6 25.
Rg4+ Kh8 26. Nf6 Be7 27. Qxh6 Bxf6 28. Re1 Rg8 29. Rge4 Qxe4 0-1

[Event "*** Titled Tuesday 3|2 Blitz (Early)"]
[Site "Chess.com"]
[Date "2016.11.01"]
[Round "5"]
[White "darsen_sanzhaev"]
[Black "chito89"]
[Result "1-0"]
[WhiteElo "2330"]
[BlackElo "2480"]
[TimeControl "180+2"]
[EndTime "12:04:10 PDT"]
[Termination "darsen_sanzhaev won by resignation"]

1. d4 Nf6 2. c4 g6 3. Nc3 Bg7 4. e4 d6 5. h3 O-O 6. Be3 c5 7. Nf3 cxd4 8. Nxd4 Nc6 9. Be2 Bd7 10. O-O Nxd4 11. Bxd4 Bc6 12. Qd3 a5 13. Rad1 a4 14.
f4 Nd7 15. Bxg7 Kxg7 16. Kh1 Qb6 17. Qd2 Nc5 18. Bf3 Rad8 19. Rb1 e5 20. f5 f6 21. b4 axb3 22. axb3 Qb4 23. Qc2 Ra8 24. fxg6 hxg6 25. Rfd1 Rf7 26. Na2 Qa3 27. Nc3 Ne6 28. Ne2 Ng5 29. Qc3 Bxe4 30. Ra1 Nxf3 31. Rxa3 Rxa3 32.
gxf3 Bc6 33. Rxd6 Ra2 34. Rd2 Bxf3+ 35. Kg1 Rxd2 36. Qxd2 Bc6 37. Qe3 Rd7 38. Nc3 Rd4 39.
Kf2 Rf4+ 40. Kg3 Rd4 41. Ne2 Re4 42. Qd3 f5 43. Kf2 f4 44. b4 Re3 45. Qd6 Rf3+ 46. Ke1 Re3 47. Kf2 Kh6 48. b5 Bf3 49. Nxf4 1-0